 Dungeon Crawl Stone Soup version 0.29.1-15-g9cfb28693d (webtiles) character file.

Game seed: 5623794316500332359

791 BuddhaDhamma the Cleaver (level 7, -10/57 HPs)
             Began as a Minotaur Berserker on Mar 18, 2023.
             Was a Priest of Trog.
             Mangled by an ogre
             ... wielding a +0 giant spiked club
              (26 damage)
             ... on level 5 of the Dungeon.
             The game lasted 00:08:19 (4313 turns).

BuddhaDhamma the Cleaver (Minotaur Berserker)       Turns: 4313, Time: 00:08:19

Health: -10/57     AC: 13    Str: 23    XL:     7   Next: 57%
Magic:  0/6        EV:  6    Int:  4    God:    Trog [***...]
Gold:   143        SH:  3    Dex: 10    Spells: 6/6 levels left

rFire   . . .      SeeInvis .   a - +0 hand axe
rCold   . . .      Faith    .   d - +0 buckler
rNeg    . . .      Spirit   +   e - +0 plate armour
rPois   .          Reflect  .   (helmet restricted)
rElec   .          Harm     .   (no cloak)
rCorr   .          Rampage  .   (no gloves)
Will    .....                   f - +1 pair of boots
Stlth   ..........              k - amulet of guardian spirit
HPRegen 0.19/turn               (no ring)
MPRegen 0.10/turn               (no ring)

@: no status effects
A: horns 2, retaliatory headbutt
a: Renounce Religion, Berserk, Trog's Hand


You were on level 5 of the Dungeon.
You worshipped Trog.
Trog was most pleased with you.
You visited 1 branch of the dungeon, and saw 5 of its levels.

You collected 203 gold pieces.
You spent 60 gold pieces at shops.

Inventory:

Hand Weapons
 a - a +0 hand axe (weapon)
Missiles
 h - 8 poisoned darts (quivered)
 w - 3 throwing nets
Armour
 d - a +0 buckler (worn)
 e - a +0 plate armour (worn)
 f - a +1 pair of boots (worn)
Jewellery
 k - an amulet of guardian spirit (around neck)
 o - a ring of protection from cold
 q - a ring of protection from cold
Wands
 v - a wand of light (3)
Scrolls
 b - a scroll of noise {unknown}
 i - a scroll of immolation {unknown}
 j - a scroll of teleportation {unknown}
 m - a scroll of brand weapon {unknown}
 n - a scroll of butterflies
 s - a scroll of magic mapping {unknown}
Potions
 c - a potion of degeneration
 g - a potion of resistance
 l - a potion of invisibility
 p - 2 potions of heal wounds
 r - a potion of brilliance
 t - a potion of magic {unknown}
 u - 2 potions of attraction


   Skills:
 - Level 3.6 Fighting
 + Level 10.8 Axes
 - Level 2.4 Armour
 - Level 2.1 Dodging


You had 6 spell levels left.
You didn't know any spells.
Your spell library was empty.

Dungeon Overview and Level Annotations

Branches:
Dungeon (5/15)
 Temple: D:4-7

Altars:
Kikubaaqudgha
Uskayaw

Shops:
D:4 !


Innate Abilities, Weirdness & Mutations

You have a pair of horns on your head.
You reflexively headbutt those who attack you in melee.


Message History

You barely miss the gnoll. The gnoll hits you but does no damage.
The gnoll hits you from afar with a +0 spear.
You see here 3 boomerangs.
You feel a strong urge to attack something.
You slash the gnoll!
The gnoll is heavily wounded.
You hit the gnoll.
You kill the gnoll!
Trog accepts your kill.
You are no longer berserk.
You are exhausted.
You feel yourself slow down.
Your attacks no longer feel as feeble.
The gnoll hits you with a +0 spear.
You hit the gnoll. You headbutt the gnoll.
You kill the gnoll!
Trog accepts your kill.
Things that are here:
3 boomerangs; a gnoll corpse
Things that are here:
a +0 club; a +0 leather armour You feel yourself speed up.
An ogre comes into view. It is wielding a +0 giant spiked club.
The ogre shouts!
You recover from your berserk rage.
You see here a +0 whip.
You see here a +0 whip.
You slash the ogre!
The ogre is moderately wounded.
The ogre hits you with a +0 giant spiked club!!
You barely miss the ogre.
The ogre is moderately wounded.
The ogre hits you with a +0 giant spiked club!!
* * * LOW HITPOINT WARNING * * *
You hit the ogre. Your headbutt misses the ogre.
The ogre is moderately wounded.
You slash the ogre!
The ogre is severely wounded.
The ogre hits you with a +0 giant spiked club!!
You die...

##......≈≈.#..##..###........##
......≈....#...# ##........#
......≈.......## #.........##
....≈........###..........#
#...≈....................##
#..≈.................####
#.≈.............##.##
##.≈......).....).###
##..≈.....O@)..#...#
.##........##)##.#####
......).()##...#....##
..........##..#......#
......≈....#..#.#...##
.....≈≈......####...#
...≈≈≈..###..# ....# ..≈≈...##
#........## ≈≈≈.... ........##


You could see an ogre.

Vanquished Creatures
  A wolf (D:5)
  A phantom (D:5)
  A gnoll sergeant (D:5)
  2 scorpions (D:4)
  A jelly (D:5)
  A gnoll bouda (D:5)
  2 hounds (D:5)
  An iguana (D:5)
  An orc wizard (D:4)
  Robin (D:4)
  10 gnolls (D:5)
  6 adders
  2 ufetubi
  3 worms
  3 dart slugs (D:1)
  9 orcs
  4 ball pythons
  7 bats (D:3)
  6 endoplasms
  6 giant cockroaches
  9 goblins
  13 hobgoblins
  7 jackals
  5 quokkas
  A frilled lizard (D:2)
  7 kobolds
  8 rats
118 creatures vanquished.

Notes
Turn   | Place    | Note
-------+----------+-------------------------------------------
     0 | D:1      | BuddhaDhamma the Minotaur Berserker began the quest for the
                  | Orb.
     0 | D:1      | Reached XP level 1. HP: 19/19 MP: 0/0
   182 | D:1      | Reached skill level 4 in Axes
   458 | D:1      | Reached XP level 2. HP: 25/26 MP: 1/1
   849 | D:1      | Reached skill level 5 in Axes
   855 | D:1      | Reached ** piety under Trog
   856 | D:1      | Reached XP level 3. HP: 29/31 MP: 2/2
   977 | D:1      | Found a faded altar of an unknown god.
  2151 | D:3      | Reached XP level 4. HP: 36/39 MP: 3/3
  2155 | D:3      | Reached skill level 6 in Axes
  2636 | D:4      | Found Ezxysch's Distillery.
  2646 | D:4      | Bought a potion of heal wounds for 60 gold pieces
  2755 | D:4      | Noticed a scorpion
  2771 | D:4      | Killed a scorpion
  2772 | D:4      | Reached skill level 7 in Axes
  2772 | D:4      | Reached XP level 5. HP: 38/45 MP: 1/4
  2816 | D:4      | Reached *** piety under Trog
  3039 | D:4      | Noticed Robin
  3060 | D:4      | Killed Robin
  3199 | D:4      | Found a hide-covered altar of Uskayaw.
  3209 | D:4      | Reached skill level 8 in Axes
  3209 | D:4      | Reached XP level 6. HP: 51/51 MP: 5/5
  3285 | D:4      | Found an ancient bone altar of Kikubaaqudgha.
  3397 | D:5      | Entered Level 5 of the Dungeon
  3571 | D:5      | Reached skill level 9 in Axes
  3952 | D:5      | Reached XP level 7. HP: 54/57 MP: 4/6
  4021 | D:5      | Reached skill level 10 in Axes
  4313 | D:5      | Mangled by an ogre

Illustrated notes

Levels and vault maps discovered:
D:1:      wander_arrival_peaceful_grave, layout_basic,
          hellmonk_ecumenical_altar_defaced_shrine, minmay_tetromino_t4
D:2:      layout_basic
D:3:      layout_basic, minivault_23, minmay_pentomino_pile
D:4:      layout_rooms, mainiacjoe_overflow_surrounded_room,
          nicolae_overflow_hidden_temple, serial_shops,
          nicolae_shop_hallway_plus, minmay_checkerbox, uniq_robin
D:5:      layout_cave_pools, serial_gnoll_camp, gnoll_camp_medium_02,
          gnoll_camp_mini_shop, gnoll_camp_mini_basic, gnoll_camp_mini_basic,
          gnoll_camp_huts_moat

Skill      XL: |  1  2  3  4  5  6  7 |
---------------+----------------------+-----
Axes           | 4 5 7 8 9 10 | 10.8
Fighting       | |  3.6
Armour         | |  2.4
Dodging        | |  2.1

Action                   |  1- 3 |  4- 6 |  7- 9 || total
-------------------------+-------+-------+-------++-------
Melee: Hand axe          |    96 |   129 |    63 ||   288
       Headbutt          |    17 |    18 |     8 ||    43
       Punch             |     2 |     1 |       ||     3
Invok: Berserk           |       |     2 |     1 ||     3
  Use: Scroll            |       |     6 |       ||     6
Armor: Plate armour      |    59 |   104 |    49 ||   212
       Animal skin       |     2 |       |       ||     2
Dodge: Dodged            |    36 |    60 |    23 ||   119
Block: Buckler           |       |       |     5 ||     5
